 Dungeon Crawl Stone Soup version v3.33-hellcrawl-189-gd9da4bb (webtiles) character file.

749 amyqutei the Warrior (level 18, 0/150 HPs) *CASUAL*
             Began as a Demonspawn Berserker on Oct 9, 2017.
             Was an Elder of Trog.
             Killed from afar by a greater naga (7 damage)
             ... with an orb of energy
             ... on level 3 of the Snake Pit on Oct 10, 2017.
             The game lasted 01:19:30 (17774 turns).

amyqutei the Warrior (Demonspawn Berserker)        Turns: 17774, Time: 01:19:31

Health: 0/150      AC: 38 (39%)Str: 26  XL:     18   Next: 11%
Magic:  0/18       EV: 16    Int: 10    God:    Trog [4*[105]]
Gold:   2629       SH: 16    Dex: 17    Spells: 17/17 levels left

rFire    . . .     SeeInvis +     - Unarmed
rCold    . . .     Faith    .   Q - +3 buckler {AC+3}
rNeg     + . .     Spirit   +   c - +9 plate armour of Terror {SInv}
rPois    .         Reflect  +   (no helmet)
rElec    .                      h - +2 cloak
rCorr    .                      (gloves unavailable)
MR       ++...                  (no boots)
Stlth    ..........             o - +6 amulet of reflection
Regen    0.4/turn               n - +3 ring of dexterity
MPRegen  0.5/turn               X - +3 ring of strength

@: lethally poisoned (0 -> -14), exhausted, very slightly contaminated, hasted,
very quick
A: claws 3, iridescent scales 3, blink, magic resistance 1, negative energy
resistance 1, 50% torment resistance, wild magic 2, magic shield, magic
regeneration, magic link, black mark, rot immunity
a: Blink, Berserk, Trog's Hand, Brothers in Arms, Renounce Religion


You were on level 3 of the Snake Pit.
You worshipped Trog.
Trog was greatly pleased with you.
You were not hungry.

You visited 3 branches of the dungeon, and saw 20 of its levels.
You also visited: Ice Cave.

You collected 2629 gold pieces.

Inventory:

Hand Weapons
 a - the +13 scythe of Curses {drain}
   (You found it on level 1 of the Snake Pit)

   A truly terrible weapon, it drains the life of those it strikes.
 C - a +2 flail of protection
 G - the +3 rapier "Ocut" {drain, *Noise +Fly rPois Str+7}
   (You found it on level 9 of the Dungeon)

   A truly terrible weapon, it drains the life of those it strikes.
   It affects your strength (+7).
   It protects you from poison.
   It lets you fly.
   It may make noises in combat.
 O - a +3 triple crossbow of flaming
 U - a +2 double sword of holy wrath
 V - a +5 halberd of protection
 Z - the +7 dagger of Ragnarok {pierce, rPois Int-4 SInv}
   (You found it on level 15 of the Dungeon)

   It inflicts extra damage upon your enemies.
   It affects your intelligence (-4).
   It protects you from poison.
   It lets you see invisible.
Missiles
 l - 133 stones (quivered)
 p - 14 curare darts
 y - 338 bolts
 E - 263 arrows
Armour
 c - the +9 plate armour of Terror (worn) {SInv}
   (You took it off an orc on level 15 of the Dungeon)

   It lets you see invisible.
 h - a +2 cloak (worn)
 r - a +3 ring mail
 J - +0 acid dragon scales
 M - the +1 leather armour of Hellcrawl {rPois Slay+2}
   (You found it on level 12 of the Dungeon)

   It affects your accuracy and damage with ranged weapons and melee attacks
   (+2).
   It protects you from poison.
 Q - a +3 buckler of protection (worn)
 S - a +0 troll leather armour
Jewellery
 i - an uncursed ring of ice
 n - a +3 ring of dexterity (left claw)
 o - a +6 amulet of reflection (around neck)
 x - a +3 ring of strength
 F - an uncursed ring of see invisible
 K - an uncursed ring of fire
 X - a +3 ring of strength (right claw)
Wands
 b - a wand of polymorph (7)
 W - a wand of flame (6)
Scrolls
 j - 8 scrolls of enchant armour
 k - 3 scrolls of enchant weapon
 q - 4 scrolls of teleportation
 t - 4 scrolls of fear
 u - 4 scrolls of fog
 A - 3 scrolls of blinking
 Y - 3 scrolls of magic mapping
Potions
 e - a potion of mutation
 f - 6 potions of augmentation
 g - 4 potions of flight
 s - 3 potions of invisibility
 v - 2 potions of resistance
 w - 3 potions of berserk rage
 z - a potion of haste
 D - 3 potions of magic
 I - 2 potions of ambrosia
 T - 4 potions of lignification
Miscellaneous
 m - a disc of storms


   Skills:
 + Level 15.6 Fighting
 - Level 3.3 Maces & Staves
 + Level 14.5 Armour
 + Level 14.5 Dodging
 + Level 10.2 Shields
 + Level 14.2 Unarmed Combat


You had 17 spell levels left.
You didn't know any spells.

Dungeon Overview and Level Annotations

Branches:
Dungeon (15/15)             Snake (3/3) Orc:2         Slime (0/4) Orc:2
    Orc (2/2) D:15
  Swamp: Orc:2       Shoals: Orc:2       Vaults: D:15

Altars:
Cheibriados
Dithmenos
Elyvilon
Gozag
Hepliaklqana
Kikubaaqudgha
Makhleb
Nemelex Xobeh
Okawaru
Qazlal
Ru
Sif Muna
Trog
Uskayaw
Vehumet
Xom
Yredelemnul
Zin
The Shining One

Shops:
Orc:2 :[}*


Innate Abilities, Weirdness & Mutations

You have claws for hands.
You are completely covered in iridescent scales. (AC +6)
You resist negative energy. (rN+)
You are somewhat able to resist unholy torments (1 in 2 success).
When hurt, damage is shared between your health and your magic reserves.
You regenerate magic rapidly.
When low on magic, you restore magic in place of health.
Your melee attacks may debilitate your foes.
You are immune to rotting.
You can translocate small distances at will.
You are resistant to hostile enchantments. (MR+)
Your spells are harder to cast, but more powerful.


Message History

You feel sick.
You hear a shout! x7; You hear an angry hiss. x2
The greater naga spits poison at you. The splash of poison hits you!
You are more poisoned.
The greater naga hits you from afar with a +0 spear (12)!
* * * LOW HITPOINT WARNING * * *
* * * LOW HITPOINT WARNING * * *
You feel very sick.
You feel much better.
You feel sick. You block the greater naga's attack.
You feel yourself speed up.
You feel sick. The greater naga completely misses you.
The greater naga hits you from afar with a +0 spear (17)!
* * * LOW HITPOINT WARNING * * *
You are very lightly contaminated with residual magic.
* * * LOW HITPOINT WARNING * * *
You feel sick. The greater naga casts a spell at you.
The orb of energy hits you!
That hurt (10)!
You die...

.(...... ##.##
........ ##..##
.......# #..#.#
.......# #.##.##
......## ###..##
.....######...#.##
....###.....##.#.#
#######.##.#
...#.@# #####..#
#.## #N# #S#
#N##########
#NN.N.N.....
#N.........N
#.......N...


You could see a naga warrior, a greater naga, a naga ritualist, a black mamba
and a naga.

Vanquished Creatures
  Rupert (Snake:1)
  7 greater nagas
  A frost giant (IceCv)
  A stone giant (Orc:2)
  5 naga warriors
  2 hydras
  2 centaur warriors
  11 anacondas
  5 death yaks (D:11)
  11 two-headed ogres
  3 ogre magi
  6 naga sharpshooters (Snake:3)
  An orc high priest (Orc:2)
  5 shock serpents
  3 unseen horrors
  8 naga ritualists
  5 orc knights (Orc:2)
  8 mana vipers
  9 ugly things
  6 orc sorcerers
  A manticore (D:13)
  3 salamanders
  A cyclops (D:12)
  11 deep elf magi
  An ice statue (IceCv)
  10 naga magi
  17 black mambas
  2 spiny frogs
  A gargoyle (D:14)
  2 rime drakes (D:13)
  A freezing wraith (D:14)
  18 polar bears (IceCv)
  6 trolls
  8 slime creatures
  An air elemental (D:11)
  2 vampires
  A water elemental (D:11)
  3 wyverns
  A fire elemental (D:11)
  15 yaks
  A black mamba skeleton (D:11)
  2 wraiths
  3 angry ghosts
  4 steam dragons
  A warg (Orc:2)
  An acid dragon (D:11)
  15 nagas
  3 black bears
  A wasp (D:13)
  3 ice beasts
  19 orc warriors
  A spiny frog skeleton (D:10)
  15 ogres
  2 blink frog zombies
  6 wolves (IceCv)
  7 centaurs
  A blink frog skeleton (D:11)
  2 rime drake zombies
  A bullfrog (D:9)
  An earth elemental (D:11)
  2 wyvern zombies
  3 wyvern skeletons
  A water moccasin zombie (D:6)
  2 scorpions
  A water moccasin skeleton (D:7)
  8 killer bees
  2 crimson imps
  7 wights
  2 electric eels (D:12)
  A howler monkey (D:4)
  4 centaur zombies
  9 jellies
  5 lava snakes (D:10)
  A quasit (D:6)
  3 hounds
  10 orc priests
  4 centaur skeletons
  Terence (D:3)
  A gnoll shaman (D:6)
  11 orc wizards
  6 worker ants
  A killer bee zombie (D:8)
  An iguana (D:7)
  12 gnolls
  8 adders
  2 shadow imps
  3 oozes
  2 dart slugs
  50 orcs
  7 bats
  4 giant cockroaches
  11 goblins
  13 hobgoblins
  5 jackals
  10 kobolds
  A ball python (D:1)
  7 frilled lizards
  8 rats
  A spectral orc (D:3)
  A fungus (D:11)
525 creatures vanquished.

Vanquished Creatures (collateral kills)
  2 orc high priests (Orc:2)
  An orc knight (Orc:2)
  A warg (Orc:2)
  2 nagas (Orc:2)
  An orc warrior (Orc:2)
  4 orc priests (Orc:2)
  An orc (Orc:2)
12 creatures vanquished.

Vanquished Creatures (others)
  6 centaurs (D:10)
  A killer bee (D:12)
  3 fungi
10 creatures vanquished.

Grand Total: 547 creatures vanquished

Notes
Turn   | Place    | Note
-------+----------+-------------------------------------------
     0 | D:1      | amyqutei the Demonspawn Berserker began the quest for the Orb.
     0 | D:1      | Reached XP level 1. HP: 18/18 MP: 1/1
    93 | D:1      | Gained mutation: You are partially covered in iridescent scales. (AC +2) [demonic ancestry]
    93 | D:1      | Reached XP level 2. HP: 15/24 MP: 2/2
   447 | D:1      | Gained mutation: You have sharp fingernails. [demonic ancestry]
   447 | D:1      | Reached XP level 3. HP: 29/29 MP: 3/3
   574 | D:1      | Reached skill level 1 in Shields
   955 | D:2      | Gained mutation: You have very sharp fingernails. [demonic ancestry]
   955 | D:2      | Reached XP level 4. HP: 34/35 MP: 4/4
  1074 | D:2      | Found a shadowy altar of Dithmenos.
  1265 | D:2      | Found a sacrificial altar of Ru.
  1324 | D:2      | Gained mutation: You have claws for hands. [demonic ancestry]
  1324 | D:2      | Reached XP level 5. HP: 40/41 MP: 5/5
  1457 | D:3      | Found a white marble altar of Elyvilon.
  1461 | D:3      | Noticed Terence
  1477 | D:3      | Killed Terence
  1484 | D:3      | Found a faded altar of an unknown god.
  1489 | D:3      | Reached skill level 1 in Unarmed Combat
  1493 | D:3      | Reached ** piety under Trog
  1493 | D:3      | Reached skill level 4 in Fighting
  1493 | D:3      | Reached XP level 6. HP: 42/48 MP: 6/6
  1542 | D:3      | Found an ancient bone altar of Kikubaaqudgha.
  1746 | D:3      | Found a shimmering altar of Xom.
  1819 | D:3      | Found an iron altar of Okawaru.
  1982 | D:3      | Found a stormy altar of Qazlal.
  2082 | D:3      | Found a basalt altar of Yredelemnul.
  2229 | D:4      | Reached XP level 7. HP: 45/55 MP: 7/7
  2448 | D:4      | Found a burning altar of Makhleb.
  2924 | D:5      | Entered Level 5 of the Dungeon
  2933 | D:5      | Reached skill level 5 in Fighting
  2933 | D:5      | Gained mutation: You are mostly covered in iridescent scales. (AC +4) [demonic ancestry]
  2933 | D:5      | Reached XP level 8. HP: 57/62 MP: 8/8
  2947 | D:5      | Reached skill level 5 in Dodging
  2948 | D:5      | Found an opulent altar of Gozag.
  2983 | D:5      | Gained mutation: Your muscles are strong. (Str +5) [potion of mutation]
  2983 | D:5      | Gained mutation: Your spells are a little harder to cast, but a little more powerful. [potion of mutation]
  2983 | D:5      | Gained mutation: You have a pair of small horns on your head. [potion of mutation]
  3193 | D:5      | Found a glowing silver altar of Zin.
  3193 | D:5      | Found a hide-covered altar of Uskayaw.
  3197 | D:5      | Found a hazy altar of Hepliaklqana.
  3197 | D:5      | Found a bloodstained altar of Trog.
  3331 | D:5      | Found a glowing golden altar of the Shining One.
  3364 | D:5      | Reached *** piety under Trog
  3501 | D:6      | Reached skill level 5 in Armour
  3502 | D:6      | Reached skill level 6 in Fighting
  3706 | D:6      | Found a radiant altar of Vehumet.
  3734 | D:6      | Gained mutation: You are completely covered in iridescent scales. (AC +6) [demonic ancestry]
  3734 | D:6      | Reached XP level 9. HP: 67/69 MP: 9/9
  3749 | D:6      | Found a sparkling altar of Nemelex Xobeh.
  3770 | D:6      | Found a snail-covered altar of Cheibriados.
  3833 | D:6      | Found a deep blue altar of Sif Muna.
  3911 | D:6      | Reached skill level 5 in Unarmed Combat
  4211 | D:6      | Reached skill level 7 in Fighting
  4735 | D:7      | Reached XP level 10. HP: 58/79 MP: 10/10
  4808 | D:7      | Found a sparkling altar of Nemelex Xobeh.
  4876 | D:7      | Reached **** piety under Trog
  5198 | D:8      | Reached skill level 8 in Fighting
  6126 | D:9      | Gained mutation: When hurt, damage is shared between your health and your magic reserves. [demonic ancestry]
  6126 | D:9      | Reached XP level 11. HP: 69/87 MP: 11/11
  6175 | D:9      | Reached skill level 9 in Fighting
  6292 | D:9      | Noticed a deep elf mage
  6306 | D:9      | Killed a deep elf mage
  6397 | D:9      | Got the +3 rapier "Ocut" {drain, *Noise +Fly rPois Str+7}
  6814 | D:10     | Entered Level 10 of the Dungeon
  7115 | D:10     | Killed an unseen horror
  7224 | D:10     | Reached skill level 10 in Fighting
  7696 | D:11     | Gained mutation: You resist negative energy. (rN+) [demonic ancestry]
  7696 | D:11     | Reached XP level 12. HP: 97/97 MP: 12/12
  7703 | D:11     | Noticed a death yak
  7705 | D:11     | Noticed a death yak
  7707 | D:11     | Noticed a death yak
  7709 | D:11     | Noticed a death yak
  7709 | D:11     | Noticed a death yak
  7730 | D:11     | Killed a death yak
  7737 | D:11     | Killed a death yak
  7741 | D:11     | Killed a death yak
  7745 | D:11     | Killed a death yak
  7745 | D:11     | Reached skill level 10 in Dodging
  7760 | D:11     | Killed a death yak
  8011 | D:11     | Reached skill level 11 in Fighting
  8011 | D:11     | Reached skill level 10 in Armour
  8056 | D:11     | Noticed a six-headed hydra
  8067 | D:11     | Killed a six-headed hydra
  8153 | D:11     | Found a large runed door.
  8153 | D:11     | Found a large runed door.
  8310 | D:11     | Reached skill level 10 in Unarmed Combat
  8575 | D:11     | Reached XP level 13. HP: 89/106 MP: 10/13
  8768 | D:12     | Reached ***** piety under Trog
  8884 | D:12     | Reached skill level 12 in Fighting
  8979 | D:12     | Got the +1 leather armour of Hellcrawl {rPois Slay+2}
  9002 | D:12     | Gained mutation: You are somewhat able to resist unholy torments (1 in 2 success). [demonic ancestry]
  9002 | D:12     | Reached XP level 14. HP: 110/116 MP: 10/14
  9523 | D:12     | Received a gift from Trog
 10194 | D:13     | Found a frozen archway.
 10211 | IceCv    | Entered an ice cave
 10337 | IceCv    | Lost mutation: You have a pair of small horns on your head. [potion of mutation]
 10337 | IceCv    | Lost mutation: Your muscles are strong. (Str +5) [potion of mutation]
 10337 | IceCv    | Lost mutation: Your spells are a little harder to cast, but a little more powerful. [potion of mutation]
 10337 | IceCv    | Gained mutation: Potions are less effective at restoring your health. [potion of mutation]
 10337 | IceCv    | Gained mutation: You are clumsy. (Dex -5) [potion of mutation]
 10337 | IceCv    | Gained mutation: You are dopey. (Int -5) [potion of mutation]
 10337 | IceCv    | Gained mutation: You have a pair of small horns on your head. [potion of mutation]
 10338 | IceCv    | Lost mutation: You are dopey. (Int -5) [potion of mutation]
 10338 | IceCv    | Lost mutation: You have a pair of small horns on your head. [potion of mutation]
 10338 | IceCv    | Lost mutation: You are clumsy. (Dex -5) [potion of mutation]
 10338 | IceCv    | Lost mutation: Potions are less effective at restoring your health. [potion of mutation]
 10338 | IceCv    | Gained mutation: Your spells are a little harder to cast, but a little more powerful. [potion of mutation]
 10338 | IceCv    | Gained mutation: Your spells are harder to cast, but more powerful. [potion of mutation]
 10338 | IceCv    | Gained mutation: You are resistant to hostile enchantments. (MR+) [potion of mutation]
 10338 | IceCv    | Gained mutation: You can translocate small distances at will. [potion of mutation]
 10399 | IceCv    | Reached skill level 13 in Fighting
 10458 | IceCv    | Noticed a frost giant
 10484 | IceCv    | Killed a frost giant
 10995 | D:13     | Gained mutation: You are immune to rotting. [demonic ancestry]
 10995 | D:13     | Reached XP level 15. HP: 89/124 MP: 15/15
 11278 | D:14     | Reached skill level 5 in Shields
 11956 | D:15     | Entered Level 15 of the Dungeon
 11960 | D:15     | Got the +7 dagger of Ragnarok {pierce, rPois Int-4 SInv}
 12089 | D:15     | Got the +9 plate armour of Terror {SInv}
 12116 | D:15     | Found a staircase to the Orcish Mines.
 12126 | Orc:1    | Entered Level 1 of the Orcish Mines
 12650 | Orc:2    | Entered Level 2 of the Orcish Mines
 12656 | Orc:2    | Found a staircase to the Snake Pit.
 12868 | Orc:2    | Reached skill level 14 in Fighting
 13215 | Orc:2    | Found a staircase to the Slime Pits.
 13421 | Orc:2    | Found Lida's Assorted Antiques.
 13433 | Orc:2    | Gained mutation: Your melee attacks may debilitate your foes. [demonic ancestry]
 13433 | Orc:2    | Reached XP level 16. HP: 133/133 MP: 14/16
 13440 | Orc:2    | Received a gift from Trog
 13634 | Orc:2    | Found Lusiunla's Gadget Shop.
 13638 | Orc:2    | Found Fozoovul's Armour Shop.
 13642 | Orc:2    | Found Vytax's Book Shoppe.
 13948 | Snake:1  | Entered Level 1 of the Snake Pit
 13995 | Snake:1  | Noticed Rupert
 14025 | Snake:1  | Paralysed by Rupert for 4 turns
 14033 | Snake:1  | Killed Rupert
 15768 | Snake:2  | Gained mutation: You regenerate magic rapidly. [demonic ancestry]
 15768 | Snake:2  | Reached XP level 17. HP: 126/140 MP: 15/17
 16168 | Snake:2  | Reached skill level 15 in Fighting
 16485 | Snake:3  | Entered Level 3 of the Snake Pit
 16604 | Snake:3  | HP: 3/142 [salamander/+0 halberd (7)]
 16613 | Snake:3  | HP: 10/213 [salamander/+0 halberd (9)]
 17132 | Snake:3  | HP: 7/142 [poisoned by a naga mage (poison arrow)]
 17137 | Snake:3  | HP: 4/142 [poisoned by a naga mage (poison arrow)]
 17142 | Snake:3  | HP: 6/142 [poisoned by a naga mage (poison arrow)]
 17576 | Snake:3  | Reached skill level 10 in Shields
 17733 | Snake:3  | Gained mutation: When low on magic, you restore magic in place of health. [demonic ancestry]
 17733 | Snake:3  | Reached XP level 18. HP: 109/149 MP: 14/18
 17770 | Snake:3  | HP: 6/150 [greater naga/+0 spear (5)]
 17774 | Snake:3  | Killed from afar by a greater naga

Skill      XL: |  1  2  3  4  5  6  7  8  9 10 11 12 13 14 15 16 17 |
---------------+----------------------------------------------------+-----
Armour         | 2 3 4 5 6 7 9 10 11 12 13 14 | 14.5
Dodging        | 2 3 4 5 7 8 9 10 11 12 13 14 | 14.5
Maces & Staves | 3 |  3.3
Shields        | 1 2 4 7 8 10 | 10.2
Unarmed Combat | 1 2 3 4 6 7 8 10 11 12 13 14 | 14.2
Fighting       | 4 5 6 7 8 10 11 12 13 14 15 | 15.6

Action                   |  1- 3 |  4- 6 |  7- 9 | 10-12 | 13-15 | 16-18 || total
-------------------------+-------+-------+-------+-------+-------+-------++-------
Melee: Mace              |    84 |    52 |       |       |       |       ||   136
       Unarmed           |       |   113 |   200 |   308 |   671 |   553 ||  1845
       Punch             |       |     1 |     4 |    11 |    13 |       ||    29
       Headbutt          |       |       |    36 |    85 |    73 |       ||   194
Throw: Poisoned dart     |       |       |       |     5 |       |       ||     5
Invok: Berserk           |       |     2 |     1 |     9 |     9 |     7 ||    28
       Trog's Hand       |       |       |       |     5 |     2 |     5 ||    12
       Brothers in Arms  |       |       |       |       |     1 |     7 ||     8
 Abil: Blink             |       |       |       |       |       |     2 ||     2
Evoke: Wand              |       |       |       |       |     7 |    10 ||    17
       Disc of storms    |       |       |       |       |       |     3 ||     3
  Use: Potion            |       |       |     1 |     3 |     3 |    23 ||    30
       Scroll            |       |       |       |       |     2 |       ||     2
 Stab: Sleeping          |     1 |       |       |       |       |       ||     1
       Confused          |       |       |       |       |     6 |       ||     6
Armor: Animal skin       |    30 |    30 |       |       |       |       ||    60
       Ring mail         |       |    31 |    85 |    97 |    12 |       ||   225
       Skin              |       |       |       |     5 |     5 |    17 ||    27
       Leather armour    |       |       |       |       |   132 |       ||   132
       Plate armour      |       |       |       |       |    26 |   196 ||   222
Dodge: Dodged            |    51 |    96 |   167 |   227 |   398 |   242 ||  1181
Block: Other             |       |    45 |    69 |    79 |    35 |       ||   228
       Reflection        |       |     2 |     3 |    24 |    12 |    40 ||    81
       Buckler           |       |       |       |       |   408 |   419 ||   827
